[Event "*** Titled Tuesday Blitz"]
[Site "Chess.com"]
[Date "2021.04.06"]
[Round "4"]
[White "Fy_Rakotomaharo"]
[Black "Darius321"]
[Result "1-0"]
[WhiteElo "2694"]
[BlackElo "2285"]
[TimeControl "180+1"]
[EndTime "10:41:10 PDT"]
[Termination "Fy_Rakotomaharo won by resignation"]

1. d4 d5 2. c4 e6 3. Nc3 c5 4. e3 cxd4 5. exd4 Nc6 6. Nf3 Nf6 7. Bf4 Be7 8. Rc1 dxc4 9. Bxc4 O-O 10. O-O Nb4 11.
Re1 Nbd5 12. Be5 b6 13. Qd3 Bb7 14. a3 Rc8 15. Ba2 Nxc3 16. Rxc3 Rxc3 17. Qxc3 Nd5 18.
Qd3 Bf6 19. Bb1 g6 20. h4 Bxe5 21. dxe5 Qe7 22. g3 Rd8 23. Qe2 Qc5 24. Be4 Rd7 25. h5 Ne7 26. hxg6 hxg6 27. Bxb7 Rxb7 28. Ng5 Nf5 29. Qg4 Kf8 30. Qh3 Ke7 31. Qh8 Kd7 32. Nxf7 Kc6 33. Nd8+ Kc7 34. Nxb7 Kxb7 35. Qh7+ Ka6 36.
Qxg6 Qd5 37. Qg4 Nd4 38. Re3 Qc4 39. Kg2 Qd5+ 40. Qe4 Qc5 41. Rd3 Nf5 42. b4 Qc1 43. Qe2 Qc6+ 44. Kg1 Qc1+ 45. Kh2 Qc4 46. Rd2 Kb5 47. Qxc4+ Kxc4 48. Rd7 Nd4 49. Rxa7 Kd5 50. Kg2 Kxe5 51. Rb7 b5 52. Ra7 Kd5 53. a4 bxa4 54. Rxa4 e5 55. Ra5+ Kc4 56. Rxe5 Kxb4 57. Re4 Kc5 58.
Rxd4 Kxd4 59. Kf3 Ke5 60. Kg4 Kf6 61. Kh5 Kg7 62. Kg5 Kh7 63. Kf6 Kh6 64. g4 Kh7 65. g5 Kh8 66. g6 Kg8 67. g7 Kh7 68. Kf7 1-0

[Event "*** Titled Tuesday Blitz"]
[Site "Chess.com"]
[Date "2021.04.06"]
[Round "4"]
[White "Marianov_Podstavnikov"]
[Black "laskerisalive"]
[Result "1/2-1/2"]
[WhiteElo "2346"]
[BlackElo "2518"]
[TimeControl "180+1"]
[EndTime "10:41:10 PDT"]
[Termination "Game drawn by agreement"]

1. e4 e5 2. Nf3 Nc6 3. Bc4 Bc5 4. c3 d6 5. d4 exd4 6. cxd4 Bb6 7. h3 Nf6 8. Nc3 O-O 9. O-O Nxe4 10. Nxe4 d5 11.
Bxd5 Qxd5 12. Nc3 Qd8 13. d5 Ne7 14. Bg5 f6 15. Bf4 Ng6 16. Bg3 f5 17. Be5 Nxe5 18. Nxe5 f4 19. Qf3 Qf6 20. Rfe1 Bd4 21. Ng4 Qb6 22.
Re2 Bf5 23. Rae1 Rad8 24. Rd2 Bxg4 25. hxg4 Bxc3 26. bxc3 Rd7 27. c4 Qa5 28. Rde2 Qc5 29. Re8 Rf7 30. Rxf8+ Rxf8 31. Qe4 h6 32. Qe6+ Kh8 33.
Qe7 Qd6 34. Qxd6 cxd6 35. Re7 Rc8 36. Rxb7 Rxc4 37. Rxa7 Rd4 38. Rf7 g5 39. Rf6 Rxd5 40. Rxh6+ Kg7 41. Re6 Ra5 42. Rxd6 Rxa2 43. Kf1 Rb2 44.
Ra6 Rc2 45. Re6 Rb2 46. Re2 Rb1+ 47. Re1 Rb2 48. Re5 Kf6 49. Rf5+ Kg6 50. f3 Rb1+ 51.
Kf2 Rb2+ 52. Kg1 Rb1+ 53. Kh2 Ra1 54. Rb5 Ra2 55. Rb6+ Kg7 56. Rc6 Kf7 57. Rh6 Kg7 58. Rb6 Kf7 59. Kh3 Kg7 60. g3 Rf2 61. gxf4 Rxf3+ 62. Kg2 Rxf4 63. Kg3 Re4 64. Ra6 Rd4 65. Rb6 Rc4 66. Kf3 Rd4 67. Kg3 Rc4 1/2-1/2

[Event "*** Titled Tuesday Blitz"]
[Site "Chess.com"]
[Date "2021.04.06"]
[Round "4"]
[White "zala02"]
[Black "JoliyRoger"]
[Result "0-1"]
[WhiteElo "2152"]
[BlackElo "2403"]
[TimeControl "180+1"]
[EndTime "10:41:11 PDT"]
[Termination "JoliyRoger won by checkmate"]

1. e4 c6 2. d4 d5 3. Nc3 h6 4. Nf3 dxe4 5. Nxe4 Bf5 6. Ng3 Bh7 7. Bd3 Bxd3 8. Qxd3 Nd7 9. Bd2 Qc7 10. O-O-O Ngf6 11. Ne4 e6 12. Kb1 O-O-O 13. Rhe1 c5 14. g3 c4 15. Qe2 Nd5 16. Nc3 N7f6 17. Ne5 a6 18. f4 b5 19. g4 Bd6 20. g5 hxg5 21. fxg5 Bxe5 22. dxe5 Nxc3+ 23. Bxc3 Nd5 24. Bd4 g6 25. Qf2 Rd7 26. c3 Rhd8 27. Rf1 Qc6 28. h4 Kb7 29. Qg3 b4 30.
Kc2 Qa4+ 31. Kb1 bxc3 32. bxc3 Kc6 33. Rd2 Rb8+ 34. Kc1 Qa3+ 35. Kd1 Rb2 36. Ke2 Qd6 37. Rd1 Qa3 38. Rxb2 Qxb2+ 39. Rd2 Qa3 40. Qf3 Qc1 41. Rd1 Qc2+ 42. Rd2 Qa4 43. Rb2 Qa5 44. Rb6+ Kc7 45.
Rb2 Kc8 46. Qf2 Qa4 47. Qe1 Ne7 48. Qb1 Nc6 49. Be3 Rd5 50. Qe4 Kd7 51. Rd2 Qb5 52. Rxd5+ Qxd5 53. Qxd5+ exd5 54. Bc5 Nxe5 55. Bd4 Nc6 56.
Ke3 Ke6 57. Bf6 Ne5 58. Kd4 Nf3+ 59. Kc5 Nxh4 60. Kb6 Nf5 61. Kxa6 d4 62. Bxd4 Nxd4 63. cxd4 c3 64. d5+ Kxd5 65. Kb5 c2 66. a4 c1=Q 67. a5 Qb2+ 68. Ka6 Kc6 69. Ka7 Qb7# 0-1

[Event "*** Titled Tuesday Blitz"]
[Site "Chess.com"]
[Date "2021.04.06"]
[Round "4"]
[White "eljanov"]
[Black "azikom"]
[Result "1-0"]
[WhiteElo "2880"]
[BlackElo "2696"]
[TimeControl "180+1"]
[EndTime "10:41:13 PDT"]
[Termination "eljanov won on time"]

1. d4 d5 2. Nf3 Nf6 3. Bf4 c6 4. e3 Qb6 5. b3 Bf5 6. Bd3 Bxd3 7. Qxd3 e6 8. O-O Nbd7 9. c4 a5 10. Nc3 Be7 11. e4 dxe4 12. Nxe4 Nxe4 13. Qxe4 O-O 14. Qc2 Rfe8 15. Rfe1 Nf8 16. a4 Rad8 17. h4 Bf6 18.
Be5 Bxe5 19. Rxe5 h6 20. Rae1 Qc7 21. h5 Re7 22. Qd2 Red7 23. Qxa5 Qb8 24. Qc3 Nh7 25. b4 Nf6 26. b5 cxb5 27. axb5 Qc7 28. Rc5 Qf4 29. Qe3 Qb8 30. Ra1 b6 31. Rc6 Nxh5 32. Qe5 Nf4 33. Qxb8 Rxb8 34. Kf1 g5 35. g3 Ng6 36. g4 Kg7 37. Ra6 Rdb7 38. Rd6 Rc7 39. Rc6 Rcb7 40. Ke1 Ne7 41. Rd6 Rc7 42. Ne5 h5 43. gxh5 Nf5 44. Rd7 Rxd7 45. Nxd7 Rd8 46. Nxb6 Rxd4 47. c5 Rb4 48. c6 Rxb5 49. c7 Rb1+ 50.
Kd2 Ne7 51. c8=Q Nxc8 52. Nxc8 Rh1 53. Nd6 Rh2 54. Ke2 f5 55. Ne8+ Kf7 56. Nc7 g4 57.
Ke3 1-0

[Event "*** Titled Tuesday Blitz"]
[Site "Chess.com"]
[Date "2021.04.06"]
[Round "4"]
[White "BAS8892"]
[Black "AttilaTurzo"]
[Result "0-1"]
[WhiteElo "2649"]
[BlackElo "2513"]
[TimeControl "180+1"]
[EndTime "10:41:14 PDT"]
[Termination "AttilaTurzo won on time"]

1. c4 c6 2. g3 d5 3. Bg2 Nf6 4. Nf3 Bf5 5. b3 e6 6. O-O h6 7. d3 Nbd7 8. Bb2 Bc5 9. Nbd2 O-O 10. Qc2 a5 11. a3 Qe7 12. Rfe1 Bh7 13. h3 Rfd8 14. Rad1 e5 15. Qc1 e4 16. Nd4 Bxd4 17. Bxd4 c5 18. Bb2 e3 19. Nf3 exf2+ 20. Kxf2 Re8 21.
e3 Rad8 22. g4 b6 23. Kg1 Nf8 24. Ne5 Qd6 25. d4 cxd4 26. exd4 Be4 27. Qd2 Ne6 28. Qf2 Bxg2 29. Qxg2 Ng5 30. Rf1 Nge4 31. h4 g5 32.
hxg5 hxg5 33. Rf5 a4 34. Rdf1 axb3 35. cxd5 Kg7 36. Nc4 Qg3 37. Rxg5+ Kh6 38. Rgf5 Qxg2+ 39. Kxg2 Nxd5 40. Rxf7 b5 41. Bc1+ Kg6 42. Ne5+ Rxe5 43. dxe5 Rc8 44. Rd7 Nb6 45. Rb7 Rc6 46. Re1 Nc5 47. e6 Nxb7 48. e7 Rc8 49. e8=Q+ Rxe8 50. Rxe8 Nc4 51. Rb8 Nbd6 52. Kf3 b2 53. Bxb2 Nxb2 54.
Ke3 Nbc4+ 55. Kd4 Nxa3 56. Kd5 Nac4 57. Rd8 Kg5 58. Rd7 Kxg4 59. Re7 Kf4 60. Re6 Kf5 61. Re3 Nxe3+ 62. Kxd6 b4 63. Kc5 b3 64. Kd4 b2 65.
Kxe3 b1=Q 0-1

[Event "*** Titled Tuesday Blitz"]
[Site "Chess.com"]
[Date "2021.04.06"]
[Round "4"]
[White "PLAYER_2006_M"]
[Black "GoltsevDmitry2000"]
[Result "0-1"]
[WhiteElo "2521"]
[BlackElo "2738"]
[TimeControl "180+1"]
[EndTime "10:41:15 PDT"]
[Termination "GoltsevDmitry2000 won on time"]

1. d4 Nf6 2. Nc3 d5 3. Bf4 c6 4. e3 Bf5 5. f3 Nbd7 6. g4 Bg6 7. h4 h5 8. g5 Ng8 9. Bd3 Bxd3 10. Qxd3 g6 11. O-O-O Bg7 12. Nge2 e6 13. e4 Ne7 14.
Bd6 Nb6 15. Bc5 Qd7 16. Kb1 Nbc8 17. Nf4 b6 18. Ba3 Nd6 19. Rhe1 O-O 20. b3 Rac8 21. Bb2 Rfe8 22. Qe3 Qb7 23. Qd3 b5 24. Nce2 a5 25.
a3 a4 26. Bc3 axb3 27. cxb3 c5 28. dxc5 Rxc5 29. Bxg7 Nc4 30. Bb2 dxe4 31. Qd4 Nxb2 32.
Kxb2 Rec8 33. Qxe4 Rc2+ 34. Kb1 Qa7 35. Rd8+ Rxd8 36. Qxc2 Qxa3 37. Rd1 Ra8 38. Qb2 Qc5 39. Nc3 Qf5+ 40. Nd3 Qxf3 41. Qe2 Qg3 42. Ne4 Qxh4 43. Nf6+ Kh8 44. Qe5 Nc6 45. Qc3 Qd4 46. Qxd4 Nxd4 47.
Ne5 Nxb3 48. Nxf7+ Kg7 49. Rd7 Nc5 50. Rc7 Na6 51.
Re7 Kf8 52. Rb7 Nc5 53. Rxb5 Kxf7 54. Rxc5 Ra7 55. Kc2 Re7 56. Kd3 Ra7 57. Ke4 h4 58. Rc3 Ra4+ 59. Kf3 e5 60. Ne4 h3 61. Rc7+ Ke6 62.
Rh7 Kf5 63. Rh4 Ra3+ 64. Kf2 h2 65. Ng3+ Kxg5 0-1

[Event "*** Titled Tuesday Blitz"]
[Site "Chess.com"]
[Date "2021.04.06"]
[Round "4"]
[White "alejogarcia1999"]
[Black "maximnovik"]
[Result "0-1"]
[WhiteElo "2411"]
[BlackElo "2568"]
[TimeControl "180+1"]
[EndTime "10:41:15 PDT"]
[Termination "maximnovik won by resignation"]

1. d4 Nf6 2. c4 g6 3. Nc3 d5 4.
cxd5 Nxd5 5. e4 Nxc3 6. bxc3 Bg7 7. Bc4 c5 8. Ne2 O-O 9. Be3 Nc6 10. h4 cxd4 11.
cxd4 Qa5+ 12. Kf1 Qa3 13. Rc1 Bg4 14. f3 Qxe3 15. Rc3 Qh6 16. fxg4 Nxd4 17. Nxd4 Qf4+ 18. Qf3 Qxf3+ 19. Rxf3 Bxd4 20. Ke2 Rac8 21. Bb3 Be5 22. h5 e6 23. hxg6 hxg6 24. Rhf1 Kg7 25. Rd1 Rfd8 26.
Rxd8 Rxd8 27. Rd3 Bd4 28. Rd1 g5 29. Rc1 Be5 30. Rd1 Bd4 31. Rc1 Kf6 32. Rc7 b5 33. Rb7 Bb6 34. Bc2 Rc8 35. Kd3 Rc4 36. Rd7 Rc5 37. Bb3 b4 38. Ke2 Rc3 39. e5+ Kg6 40. Kd2 Rc7 41. Bc2+ Kg7 42. Rxc7 Bxc7 43. Kd3 Bxe5 44.
Ke4 Bc3 45. Bb3 Kf6 46. Bc4 Ke7 47. Bb5 Kd6 48. Be8 f6 49. Ba4 a5 50. Bb3 Bb2 51.
Ba4 Bc1 52. Bb3 e5 53. Bg8 Bf4 54. Kf5 Kc5 55. Kxf6 e4 56. Bh7 e3 57. Bd3 Kd4 58. Ba6 a4 59. g3 b3 60. axb3 a3 61. gxf4 gxf4 62. g5 a2 63. g6 a1=Q 64. Bc4 Kc5+ 65. Kf7 f3 66. g7 Qxg7+ 67. Kxg7 e2 0-1

[Event "*** Titled Tuesday Blitz"]
[Site "Chess.com"]
[Date "2021.04.06"]
[Round "4"]
[White "szachuspl"]
[Black "Loy_Konstantin"]
[Result "0-1"]
[WhiteElo "2545"]
[BlackElo "2352"]
[TimeControl "180+1"]
[EndTime "10:41:16 PDT"]
[Termination "Loy_Konstantin won by resignation"]

1. d4 Nf6 2. c4 c5 3. d5 b5 4.
a4 Qa5+ 5. Qd2 b4 6. g3 d6 7.
Bg2 g6 8. b3 Bg7 9. Bb2 O-O 10.
Qc2 Bf5 11. e4 Nxe4 12. Bxg7 Nc3 13. Qb2 Kxg7 14. Ne2 Bxb1 15. Rxb1 Kg8 16. Rc1 Nxe2 17. Qxe2 Nd7 18. O-O Rae8 19. f4 Qd8 20. h4 Nf6 21. Rcd1 e6 22. dxe6 Rxe6 23. Qd3 Qe7 24. f5 Re3 25. Qxd6 Qxd6 26. Rxd6 Kg7 27. Rf3 Rxf3 28. Bxf3 Re8 29. Kf2 gxf5 30. Rc6 Re5 31. Rc7 Ng4+ 32. Kg2 a5 33. Ra7 Re3 34. Rxa5 Rxb3 35.
Rxc5 Rb2+ 36. Kg1 Ne3 37. Re5 Nxc4 38. Rxf5 b3 39. Bd5 Nd6 40. Rf1 f5 41. Kh1 Kf6 42.
a5 Ke5 43. Bg8 Ra2 44. Bxb3 Rxa5 45. Bc2 Ra3 46. Kg2 h6 47. Kh3 Ne4 48. Rg1 Rc3 49.
Bb1 Nf2+ 50. Kg2 Ne4 51. Re1 Kd4 52. Bxe4 fxe4 53. g4 e3 54. Rd1+ Rd3 55. Re1 Ke4 56. Rf1 Rd2+ 57. Kg3 e2 58. Re1 Ke3 59. g5 hxg5 60.
hxg5 Rd1 61. Rxe2+ Kxe2 62. Kf4 Rf1+ 63. Ke5 Kf3 64.
Kf6 Kg4+ 65. Kg6 Rf5 0-1

[Event "*** Titled Tuesday Blitz"]
[Site "Chess.com"]
[Date "2021.04.06"]
[Round "4"]
[White "Dinamo3"]
[Black "TigranMukhutdinov"]
[Result "1-0"]
[WhiteElo "2492"]
[BlackElo "2592"]
[TimeControl "180+1"]
[EndTime "10:41:18 PDT"]
[Termination "Dinamo3 won by resignation"]

1. e4 c5 2. Nf3 Nc6 3. d4 cxd4 4. Nxd4 e5 5. Nb5 d6 6. c4 Be7 7. Be2 Nf6 8. N5c3 O-O 9. O-O Be6 10. Be3 Rc8 11. Nd2 a6 12. Nd5 Nd7 13. b3 Bg5 14.
f4 exf4 15. Nxf4 Nce5 16. Nf3 Be7 17. Nd5 Nc5 18. Nc3 Nxf3+ 19. gxf3 Bf6 20. Qd2 Qe7 21. Rad1 Rfd8 22. Kh1 b5 23. Nd5 Bxd5 24. cxd5 h6 25. Rc1 Bg5 26. Rg1 Bxe3 27. Qxe3 Qf6 28. Bf1 b4 29. Rc2 a5 30. Rcg2 Kh8 31. Bb5 Rg8 32. f4 Qc3 33. Qe2 Qd4 34. e5 Qxf4 35. e6 fxe6 36.
dxe6 Qe5 37. Re1 Qxe2 38. Rgxe2 Rge8 39. Bxe8 Rxe8 40. e7 Kg8 41. Rd1 Nb7 42. Rd5 Kf7 43.
Rb5 Nc5 44. Rxa5 Rxe7 45. Rxe7+ Kxe7 46. Rb5 Nd3 47. Rd5 Nc1 48. Rd2 Ke6 49. Kg1 Ke5 50.
Kf2 Ke4 51. Ke1 Ke3 52. Kd1 Nd3 53. Kc2 Ne1+ 54. Kc1 Nd3+ 55. Kc2 Ne1+ 56. Kd1 Nd3 57. Re2+ Kd4 58. Re7 g5 59. Rh7 Kc3 60. Rxh6 d5 61. Rg6 g4 62. Ke2 Nc1+ 63. Ke3 Nxa2 64. Rxg4 Nc1 65. h4 Nxb3 66. h5 d4+ 67. Kf3 d3 68. h6 d2 69. Rg1 Nd4+ 70. Ke4 Nc2 71. h7 Ne1 72. h8=Q+ Kc2 73. Qc8+ Kb2 74. Qd7 Kc1 75.
Qc6+ 1-0

[Event "*** Titled Tuesday Blitz"]
[Site "Chess.com"]
[Date "2021.04.06"]
[Round "4"]
[White "Rozhkov_V"]
[Black "SilviusTiberius"]
[Result "0-1"]
[WhiteElo "2440"]
[BlackElo "2603"]
[TimeControl "180+1"]
[EndTime "10:41:18 PDT"]
[Termination "SilviusTiberius won on time"]

1. e4 e5 2. Nf3 Nc6 3. d4 exd4 4. Bc4 Nf6 5. e5 Ne4 6. Bd5 Nc5 7. O-O Be7 8. Bxc6 dxc6 9. Nxd4 O-O 10. Be3 Re8 11.
Nc3 Bf8 12. f4 f6 13. Qf3 fxe5 14. fxe5 Qe7 15. Bg5 Qd7 16. Rad1 h6 17. Ndb5 cxb5 18. Rxd7 Bxd7 19. Bf4 Bc6 20. Qg3 b4 21. Ne2 Kh8 22. Nd4 Bd5 23. Nf5 Rad8 24. h3 Ne4 25. Qh4 Rd7 26. Ne3 Bc6 27. Qh5 Rd2 28. Nf5 Rxg2+ 29. Kxg2 Nf6+ 30. Qf3 Bxf3+ 31. Kxf3 Nd5 32. Bg3 g6 33.
Nd4 Bg7 34. Re1 c5 35. Nb5 Re6 36. Nd6 Ne7 37. Nxb7 Nc6 38. Nxc5 Re8 39. e6 Nd4+ 40. Kg2 Nxc2 41. Re4 Nd4 42. Be5 Nf5 43. Bxg7+ Kxg7 44. Rxb4 Kf6 45. Rb7 Rc8 46. Rf7+ Kg5 47. Nd7 Rc2+ 48.
Kf3 Nh4+ 49. Ke4 Nf5 50. Kd3 Rc1 51. e7 Re1 52. Nf6 Rxe7 53. Ne4+ Kf4 54. Rf6 Rxe4 55. Rxg6 Re3+ 56. Kc4 Rxh3 57. b4 h5 58. a4 h4 59. b5 Ra3 60. Kb4 Ra1 61. Rg8 h3 62.
Rh8 Kg3 63. a5 h2 64. b6 axb6 65. axb6 Rb1+ 66. Kc5 Nh4 67. Rg8+ Kh3 0-1

[Event "*** Titled Tuesday Blitz"]
[Site "Chess.com"]
[Date "2021.04.06"]
[Round "4"]
[White "Triumphmate"]
[Black "C_K_G"]
[Result "1-0"]
[WhiteElo "2372"]
[BlackElo "2041"]
[TimeControl "180+1"]
[EndTime "10:41:19 PDT"]
[Termination "Triumphmate won by resignation"]

1. e4 c5 2. Nf3 d6 3. d4 cxd4 4. Nxd4 Nf6 5. Nc3 a6 6. f4 e6 7. Nf3 Be7 8. Bd3 O-O 9. O-O b5 10. a3 Qc7 11. Kh1 Nbd7 12. Qe1 Bb7 13. Bd2 Nc5 14. b4 Nxd3 15. cxd3 Rac8 16. Qg3 d5 17. e5 Nd7 18. Rae1 Nb6 19. f5 exf5 20. Nd4 Rfe8 21. Nxf5 Bf8 22. Nh6+ Kh8 23. Nxf7+ Kg8 24. Nh6+ Kh8 25.
Nf5 Re6 26. Qh3 Qd7 27. Nd4 Rg6 28. e6 Qe8 29. e7 Bxe7 30. Nf5 Rc7 31. Bf4 Rd7 32.
Nd6 Rgxd6 33. Bxd6 Rxd6 34. Qe3 Nc8 35. d4 Qd8 36.
Ne2 Bc6 37. Nf4 Bg5 38. Qf3 Rf6 39. Qg4 Bxf4 40. Rxf4 Rxf4 41. Qxf4 Ne7 42. Qe5 Ng8 43. Qe6 Qd7 44. h3 h6 45. Qg6 Qd8 46. Qxc6 Qh4 47. Qe8 Kh7 48. Qe5 Nf6 49. Qf5+ Kh8 50. Qf1 Qxd4 51.
Qg1 Qc4 52. Rc1 d4 53. Rxc4 bxc4 54. Qxd4 Kh7 55. Qxc4 Kg6 56. Qc2+ Kg5 57. a4 Kf4 58. b5 g5 59. bxa6 Ne4 60. a7 Ng3+ 61. Kh2 Nf1+ 62. Kg1 Ne3 63. Qf2+ Ke4 64. Qxe3+ Kxe3 65. a8=Q Kf4 66.
Qf3+ Ke5 67. a5 h5 68. Qe3+ Kf5 69. a6 g4 70. a7 gxh3 71. gxh3 h4 72. a8=Q Kg6 73. Qa5 1-0

[Event "*** Titled Tuesday Blitz"]
[Site "Chess.com"]
[Date "2021.04.06"]
[Round "4"]
[White "tusplingher"]
[Black "frenchpin"]
[Result "1/2-1/2"]
[WhiteElo "2317"]
[BlackElo "2510"]
[TimeControl "180+1"]
[EndTime "10:41:21 PDT"]
[Termination "Game drawn by repetition"]

1. e4 e6 2. d4 d5 3. Bd3 dxe4 4. Bxe4 Nf6 5. Bf3 c5 6. Ne2 Nc6 7. Be3 cxd4 8. Nxd4 Ne5 9. Nc3 Bb4 10. O-O O-O 11.
Qe2 Nxf3+ 12. Nxf3 Qe7 13. Rad1 Bd7 14. Ne5 Rfd8 15.
Nxd7 Rxd7 16. Rxd7 Qxd7 17. Rd1 Qc6 18. Bd4 Bxc3 19.
bxc3 Nd5 20. c4 Nf4 21. Qg4 Ng6 22. h4 e5 23. Be3 Qc8 24. Qxc8+ Rxc8 25. Rd7 Nxh4 26.
Rxb7 a6 27. Ra7 f6 28. c5 Nf5 29. Rxa6 Nxe3 30. fxe3 Rxc5 31. Kf2 Rxc2+ 32. Kf3 Kf7 33. a4 Kg6 34. a5 Ra2 35. Ra7 h5 36. g3 Ra3 37. a6 Kh6 38. Ke4 g6 39. Ra8 Kg5 40. a7 Ra5 41. Kf3 Ra4 42. Kf2 Kf5 43.
Kf3 Ra2 44. e4+ Kg5 45. Ke3 Ra3+ 46. Kf2 Ra5 47. Kf3 Ra2 48. Ke3 Ra1 49. Kf3 Ra5 50. Ke3 Ra6 51. Kf3 Ra3+ 52. Kf2 Kg4 53. Rg8 Ra2+ 54.
Ke3 Rxa7 55. Rxg6+ Kh3 56. Kf3 Ra3+ 57. Kf2 Ra2+ 58.
Kf3 Ra3+ 59. Kf2 Ra6 60. Kf3 Rc6 61. Kf2 Rd6 62. Kf3 Rd3+ 63. Kf2 Rd4 64. Kf3 Rb4 65. Rh6 Rb3+ 66. Kf2 Kg4 67. Rg6+ Kh3 68. Rh6 Rb2+ 69. Kf3 Rb3+ 70. Kf2 1/2-1/2

[Event "*** Titled Tuesday Blitz"]
[Site "Chess.com"]
[Date "2021.04.06"]
[Round "4"]
[White "marianokar"]
[Black "Magila31"]
[Result "1-0"]
[WhiteElo "2521"]
[BlackElo "2313"]
[TimeControl "180+1"]
[EndTime "10:41:23 PDT"]
[Termination "marianokar won by checkmate"]

1. e4 g6 2. d4 Bg7 3. c4 d6 4. Nc3 Nf6 5. Be2 O-O 6. Be3 Nc6 7. d5 Ne5 8. h3 e6 9. f4 Ned7 10. Nf3 exd5 11. cxd5 Re8 12. Nd2 Nxe4 13. Ncxe4 f5 14. Qb3 fxe4 15. O-O-O Nc5 16. Bxc5 dxc5 17. d6+ Be6 18.
Bc4 Qxd6 19. Rhe1 Bxc4 20. Qxc4+ Qe6 21. Rxe4 Qxc4+ 22. Rxc4 b6 23. Nf3 Rad8 24. Rxd8 Rxd8 25. Re4 Bf6 26. g4 Kf7 27. b3 Re8 28. Rxe8 Kxe8 29. Kd2 Kd7 30. Kd3 Kc6 31. Ke4 b5 32. Ne5+ Bxe5 33.
Kxe5 c4 34. bxc4 b4 35. Kd4 a5 36. c5 Kd7 37. Kd5 c6+ 38. Kc4 Ke6 39. Kd4 a4 40.
Kc4 b3 41. axb3 axb3 42. Kxb3 Kd5 43. Kb4 Ke4 44. Ka5 Kxf4 45. Kb6 Kg3 46. Kxc6 Kxh3 47. g5 Kg4 48. Kd5 Kxg5 49. c6 h5 50. c7 h4 51.
c8=Q Kf4 52. Qh3 g5 53. Qh2+ Kf3 54. Qh3+ Kf4 55. Kd4 g4 56. Qf1+ Kg3 57. Ke3 Kh2 58.
Qf2+ Kh3 59. Kf4 g3 60. Qf3 Kh2 61. Qe2+ g2 62. Kf3 h3 63. Qe5+ Kh1 64. Qe1+ g1=Q 65. Qe5 h2 66. Qb2 Qf1+ 67. Kg3 Kg1 68. Qxh2# 1-0

[Event "*** Titled Tuesday Blitz"]
[Site "Chess.com"]
[Date "2021.04.06"]
[Round "4"]
[White "Chessdude1987"]
[Black "Orest_Vovk"]
[Result "0-1"]
[WhiteElo "2312"]
[BlackElo "2582"]
[TimeControl "180+1"]
[EndTime "10:41:25 PDT"]
[Termination "Orest_Vovk won by resignation"]

1. e4 Nc6 2. d4 e5 3. Nf3 exd4 4.
Nxd4 Nxd4 5. Qxd4 Ne7 6. Bc4 Nc6 7. Qd5 Qf6 8. O-O d6 9. Bg5 Qg6 10. Qd2 Be6 11. Bxe6 fxe6 12. Nc3 Be7 13. Bxe7 Nxe7 14. f4 O-O 15. Rae1 a6 16. Kh1 Rf7 17. e5 d5 18. Ne2 Qh6 19. Nd4 Raf8 20. g3 c5 21.
Nf3 Nf5 22. Kg2 Qg6 23. c3 h6 24. Re2 Ne7 25. Qe3 Rxf4 26. Qxc5 Nf5 27. Kh1 Nxg3+ 28.
hxg3 Rxf3 29. Ref2 Rxf2 30. Rxf2 Rxf2 31. Qxf2 Qe4+ 32. Kh2 Qxe5 33. a4 Qf6 34. Qe2 e5 35. Qd2 d4 36. cxd4 exd4 37. a5 Qe5 38. Qd3 Qd5 39.
Kg1 Qxa5 40. Qxd4 Qe1+ 41. Kg2 Qe2+ 42. Kh3 Qe7 43. Kg2 Qf7 44. Qd8+ Kh7 45. Qd3+ g6 46.
Qd4 h5 47. Qd3 b5 48. Qd6 Qg7 49. Qd2 Qb7+ 50. Kh2 b4 51. Qd4 a5 52. Kh3 a4 53.
Kh4 Qe7+ 54. Kh3 a3 55. bxa3 bxa3 56. g4 Qe6 57. Qa7+ Kh6 58. Qxa3 Qxg4+ 59. Kh2 Qh4+ 60. Kg2 Qg5+ 61. Kh2 Qf4+ 62. Kg2 h4 63. Qh3 Qg3+ 64. Qxg3 hxg3 65. Kxg3 Kg5 66. Kf3 Kh4 67. Kg2 Kg4 68.
Kf2 Kh3 69. Kf3 g5 70. Kf2 g4 71. Kf1 g3 72. Kg1 g2 73. Kf2 Kh2 0-1

[Event "*** Titled Tuesday Blitz"]
[Site "Chess.com"]
[Date "2021.04.06"]
[Round "4"]
[White "Vesper2018"]
[Black "sergivila"]
[Result "1-0"]
[WhiteElo "2552"]
[BlackElo "2325"]
[TimeControl "180+1"]
[EndTime "10:41:31 PDT"]
[Termination "Vesper2018 won on time"]

1. e4 c5 2. Nc3 Nc6 3. Bb5 Nd4 4. Bc4 e6 5. Nf3 a6 6. a4 Nf6 7. O-O d5 8. exd5 exd5 9. Ba2 Ne6 10. d4 c4 11. Re1 Be7 12. b3 cxb3 13. Bxb3 O-O 14. Qd3 Bb4 15. Bd2 Qd6 16. Ne5 Bd7 17. Nxd7 Qxd7 18.
Nxd5 Nxd5 19. Bxd5 Qxd5 20. Bxb4 Rfe8 21. c3 Nf4 22. Qf3 Qxf3 23. gxf3 f6 24. Kf1 Kf7 25. Bd6 Nd5 26. c4 Red8 27. c5 b6 28. Rab1 bxc5 29. dxc5 Rac8 30. Rb7+ Kg6 31. Re4 h5 32. Rd4 Nc3 33. h4 Re8 34. Kg2 Ne2 35. Rd2 Nc3 36. Ra7 Nxa4 37. Rd5 Nc3 38. Rd3 Na4 39. Rd5 Nc3 40.
Rd4 Re6 41. Rd7 Nb5 42. Rd3 Nxd6 43. cxd6 Re5 44. Ra7 a5 45. d7 Rd8 46. Rc7 Re7 47.
f4 Kf7 48. Kf3 Ke6 49. f5+ Kxf5 50. Ra7 Ke6 51. Ra6+ Kf7 52. Ra7 g5 53. hxg5 fxg5 54. Kg3 Kg6 55. Ra6+ Kf5 56. Rxa5+ Kg6 57. Rd6+ Kf7 58. Rxg5 Rdxd7 59. Rxd7 Rxd7 60. Rxh5 Kg6 61. Ra5 Rd4 62. f4 Kf7 63. Kg4 Rd6 64. Kf5 Rb6 65.
Ra7+ Kf8 66. Kg5 Rc6 67. f5 Rb6 68. Rc7 Ra6 69. Rh7 Rb6 70. Rh6 1-0

[Event "*** Titled Tuesday Blitz"]
[Site "Chess.com"]
[Date "2021.04.06"]
[Round "4"]
[White "GMaka"]
[Black "ckgchess"]
[Result "0-1"]
[WhiteElo "2465"]
[BlackElo "2689"]
[TimeControl "180+1"]
[EndTime "10:41:35 PDT"]
[Termination "ckgchess won by resignation"]

1. d4 e6 2. c4 Ke7 3. Nc3 Ke8 4. e4 d6 5. f4 g6 6. Nf3 Bg7 7. d5 Ne7 8. Bd3 exd5 9. exd5 Kf8 10. O-O Bf5 11.
Bxf5 Nxf5 12. g4 Nh4 13. f5 Nd7 14. Ne4 gxf5 15. Bg5 Qe8 16. Nxh4 Qxe4 17. Nxf5 Re8 18. Nxg7 Kxg7 19. Rf4 Qe3+ 20. Kg2 f6 21. Qf1 Qe2+ 22. Kh1 h5 23. Rxf6 Qe4+ 24. Qf3 hxg4 25. Rf7+ Kg6 26. Qxe4+ Rxe4 27. Rxd7 Kxg5 28. Rg1 Re2 29. Rg2 Re1+ 30. Rg1 Re2 31. Rg2 Re4 32. Rg7+ Kf5 33. Rf7+ Ke5 34. Re7+ Kd4 35. Rxe4+ Kxe4 36. Rxg4+ Kd3 37. b3 Kc3 38. h4 Kb2 39. Rg2+ Ka3 40. Rh2 Rh5 41. Kg2 a5 42. Kg3 a4 43. Kg4 Rh8 44.
bxa4 Kxa4 45. h5 Kb4 46. Kg5 Kxc4 47. Kg6 Kxd5 48. Kg7 Rc8 49. h6 c5 50. h7 c4 51.
Rf2 c3 52. Rf8 Rxf8 53. Kxf8 c2 54. h8=Q c1=Q 55. Qh5+ Kc6 56. Qe8+ Kb6 57. Qd8+ Qc7 58. Qf6 Qc6 59. Qd4+ Kc7 60. Qb2 d5 61. Ke7 Qd6+ 62. Kf7 d4 63. Qc2+ Kb6 64. Qb3+ Kc5 65. Qc2+ Kd5 66.
Qg2+ Kc5 67. Qc2+ Kb6 68. Qb3+ Kc7 69. Qc4+ Kb8 70. Qd3 Ka7 71. a3 Qe5 72. a4 Qf4+ 73. Ke6 Qe3+ 74. Qxe3 dxe3 0-1

[Event "*** Titled Tuesday Blitz"]
[Site "Chess.com"]
[Date "2021.04.06"]
[Round "4"]
[White "Xeniya2005"]
[Black "JiiHart"]
[Result "1-0"]
[WhiteElo "2313"]
[BlackElo "2047"]
[TimeControl "180+1"]
[EndTime "10:41:35 PDT"]
[Termination "Xeniya2005 won by resignation"]

1. e4 c5 2. Nf3 Nc6 3. Bb5 g6 4. O-O Bg7 5. c3 Nf6 6. Re1 O-O 7. d4 cxd4 8. cxd4 d5 9. e5 Ne4 10. Bxc6 bxc6 11. Be3 Qb6 12. Qc1 Bg4 13. Nfd2 Nxd2 14. Nxd2 Rab8 15. Nb3 a5 16. h3 Bf5 17. Re2 Bd3 18. Rd2 Bc4 19. Nc5 Rfd8 20. b3 Ba6 21.
Bf4 Bc8 22. Qc3 Qb4 23. Qf3 Bf5 24. Na6 Qb5 25. Nxb8 Rxb8 26. e6 Rf8 27. exf7+ Rxf7 28.
Qe3 Be4 29. f3 Rxf4 30. Qxf4 Qb4 31. fxe4 Bxd4+ 32. Kh2 Bxa1 33. Rf2 Bf6 34. exd5 Qxf4+ 35. Rxf4 cxd5 36. Ra4 Bc3 37. Kg3 e5 38. Kf3 Kf7 39. a3 Ke6 40. b4 axb4 41. axb4 Bd4 42. b5 Kf5 43. g4+ Ke6 44. Ra6+ Kd7 45. b6 e4+ 46. Ke2 Kc6 47. b7+ Kxb7 48. Rd6 Bc5 49. Rxd5 Kc6 50. Re5 e3 51. Re8 Kd6 52. Rh8 h5 53. gxh5 gxh5 54. Rxh5 Bd4 55. Rf5 Ke6 56. Rf3 Bc5 57. Kd3 Bb6 58. h4 Bd8 59. h5 Bg5 60. Rg3 Bh6 61.
Rg6+ Kf5 62. Rxh6 Kg5 63. Rh8 Kf4 64. h6 e2 65. Rf8+ Kg5 66. Kxe2 Kxh6 67. Rf3 Kg7 68. Ke3 Kg6 69. Ke4 Kg5 70. Rg3+ Kf6 71. Rg4 1-0

[Event "*** Titled Tuesday Blitz"]
[Site "Chess.com"]
[Date "2021.04.06"]
[Round "4"]
[White "MIJuanReyesRosa"]
[Black "HanSchut"]
[Result "0-1"]
[WhiteElo "1983"]
[BlackElo "2253"]
[TimeControl "180+1"]
[EndTime "10:41:38 PDT"]
[Termination "HanSchut won on time"]

1. d4 Nf6 2. Nf3 g6 3. c4 Bg7 4. Nc3 d5 5. Bf4 O-O 6. Rc1 c5 7. dxc5 Qa5 8. cxd5 Qxc5 9. e4 Qa5 10. Bd3 e6 11. dxe6 Bxe6 12. O-O Nc6 13. Ng5 Bg4 14. f3 h6 15. Nxf7 Rxf7 16. fxg4 Rd7 17. Bc4+ Kh7 18. Qb3 Qc5+ 19. Kh1 Na5 20. Qb5 Qxc4 21. Qxa5 Nxe4 22. Nxe4 Qxe4 23. Rce1 Qd5 24. Qxd5 Rxd5 25. Re7 b6 26. Be3 Kg8 27. h3 Rf8 28. Rxf8+ Kxf8 29. Rxa7 Be5 30.
Bxh6+ Ke8 31. g3 Bxg3 32. Kg2 Be5 33. Rb7 Rb5 34. b3 Ra5 35. Bg5 Rxa2+ 36. Kf3 Bd4 37.
Re7+ Kf8 38. Rb7 Bc5 39. Bf6 Ra3 40. Ke4 Rxb3 41. h4 Re3+ 42. Kd5 Rd3+ 43. Ke4 Rg3 44. Kf4 Rd3 45. h5 gxh5 46. gxh5 Rh3 47. Kg5 Rg3+ 48.
Kf5 Rf3+ 49. Kg6 Rg3+ 50. Kf5 Rh3 51. Kg5 Be3+ 52. Kg4 Rh1 53. Bg5 Rg1+ 54. Kf3 Bxg5 55. h6 Bxh6 56. Rxb6 Bg7 57. Rb8+ Kf7 58. Rb7+ Kg6 59.
Ke4 Bf6 60. Rb6 Rg4+ 61. Kf3 Rg5 62. Ke4 Re5+ 63. Kf3 Kf5 64. Rc6 Bg5 65. Rd6 Re3+ 66.
Kf2 Kg4 67. Rd4+ Bf4 68. Rd8 Ra3 69. Rg8+ Bg5 0-1